 Dungeon Sprint DCSS version 0.30-a0-824-g6c64550be9 (webtiles) character file.

Game seed: 4668867983442766549

5200000 BigDaddyOpFi the Intangible (level 24, -6/208 HPs)
             Began as a Djinni Warper on Feb 27, 2023.
             Was the Champion of Makhleb.
             Mangled by The Servant
             ... wielding a +9 glaive of flaming
              (120 damage)
             ... in the Dungeon (Sprint VIII: "Arena of Blood").
             The game lasted 00:01:03 (52 turns).

BigDaddyOpFi the Intangible (Djinni Warper)           Turns: 52, Time: 00:01:04

Health: -6/208     AC:  6    Str: 10    XL:     24   Next: 98%
Gold:   0          EV: 32    Int: 19    God:    Makhleb [******] SH:  0 Dex: 21

rFire   + + .      SeeInvis .    h - +∞ Axe of Woe
rCold   x . .      Faith    .    (shield currently unavailable)
rNeg    . . .      Spirit   .    a - +0 leather armour
rPois   ∞          Reflect  .    (no helmet)
rElec   .          Harm     .    (no cloak)
rCorr   .          Rampage  .    (no gloves)
Will    ++...      NoTele   +    (boots unavailable)
Stlth   ++++++++++               (no amulet)
HPRegen 0.54/turn                (no ring)
MPRegen 0.00/turn                (no ring)

@: flying
A: sickness immunity, fire resistance 2, cold vulnerability 1, float, innate
caster, HP casting, extra vitality 1
a: Renounce Religion, Minor Destruction, Lesser Servant of Makhleb, Major
Destruction, Greater Servant of Makhleb


You were in the Dungeon.
You worshipped Makhleb.
Makhleb was exalted by your worship.
You visited 1 branch

Inventory:

Hand Weapons
 h - the +∞ Axe of Woe (weapon)
   (You found it in the Dungeon)
Missiles
 c - 7 boomerangs of dispersal (quivered)
Armour
 a - a +0 leather armour (worn)
Scrolls
 b - 2 scrolls of blinking
Potions
 d - a potion of curing
 e - a potion of heal wounds
 f - a potion of haste
 g - a potion of berserk rage


   Skills:
 O Level 27 Fighting
 O Level 27 Axes
 + Level 22.4(27) Maces & Flails
 + Level 22.4(27) Polearms
 O Level 27 Throwing
 O Level 27 Armour
 O Level 27 Dodging
 O Level 27 Stealth
 O Level 27 Unarmed Combat
 O Level 27 Spellcasting
 O Level 27 Invocations


You knew the following spells:

 Your Spells              Type           Power      Damage    Failure   Level
a - Blink                 Tloc           100%       N/A       0%          2
b - Lesser Beckoning      Tloc           100%       N/A       0%          2
c - Vhi's Electric Charg  Tloc/Air       100%       N/A       0%          3
d - Teleport Other        Tloc           91%        N/A       0%          3
e - Manifold Assault      Tloc           91%        N/A       0%          4
f - Summon Small Mammal   Summ           100%       N/A       0%          1
g - Searing Ray           Conj           100%       2d8       0%          2
h - Poisonous Vapours     Pois/Air       100%       N/A       0%          2
i - Mephitic Cloud        Conj/Pois/Air  91%        N/A       0%          3
j - Summon Lightning Spi  Summ/Air       91%        N/A       0%          4
k - Fireball              Conj/Fire      45%        3d18      0%          5
l - Dispersal             Tloc           45%        N/A       0%          6
m - Malign Gateway        Summ/Tloc      45%        N/A       1%          7
n - Simulacrum            Ice/Necr       45%        N/A       0%          6
o - Infestation           Necr           45%        N/A       1%          8
p - Maxwell's Capacitive  Air            45%        ∞         1%          8
Your spell library was empty.

Dungeon Overview and Level Annotations

Branches:
Dungeon (1/1)

Altars:
Makhleb

Annotations:
D The Servant


Innate Abilities, Weirdness & Mutations

You are immune to sickness and miasma.
You are immune to poison.
Your flesh is very heat resistant. (rF++)
You are vulnerable to cold. (rC-)
You float through the air rather than walking.
You learn spells naturally, not from books.
Your magical power is your life essence.
You have superior vitality. (+4 MHP)


Message History

The large bag of meat convulses!
Flame seeps out of the large bag of meat.
The bag of meat convulses! x6; Your body is wracked with pain!
* * * LOW HITPOINT WARNING * * *
The bag of meat convulses!
The meat berserker convulses!
The bag of meat convulses! x4; The large bag of meat convulses!
Flame seeps out of the large bag of meat.
The Servant completely misses you.
You hear a shout! x2
The large bag of meat is engulfed in blazing flames.
A bag of meat comes into view. It is wielding a +9 war axe. x2
You hear a shout!
The bag of meat shouts! x2
Your base Maces & Flails skill gained 5 levels and is now at level 22!
Your base Polearms skill gained 5 levels and is now at level 22!
Unknown command.
You slice the sculptor of flesh!!
You chop the sculptor of flesh into pieces.
You destroy the sculptor of flesh!
Makhleb accepts your kill.
You feel better.
You slash the bag of meat! You chop the bag of meat into pieces.
You kill the bag of meat!
Makhleb accepts your kill.
You feel better.
You slash the bag of meat!
You dissect the bag of meat like a pig carcass.
You kill the bag of meat!
Makhleb accepts your kill.
You feel better.
You hit the bag of meat.
You cleave the bag of meat in twain.
You kill the bag of meat!
Makhleb accepts your kill.
You feel better.
You slice the bag of meat!!
You hew the bag of meat savagely.
You kill the bag of meat!
Makhleb accepts your kill.
You feel better.
The tyrant waves its bony arms in wide circles.
The air twists around and strikes you!!!
You hear a shout! x2
The Servant hits you from afar with a +9 glaive of flaming!!!!
Ouch! That really hurt!
You die...

.####.o...##.#
#.L.......... .
#.....oo...#.#
#....oV......... .
#.o.OOo...o....
....#..o@.o.D.....
...o.o.)))..L....L
....ooXo@O.Vo.L...
..VoozX#○.....L#
..#.....#○......# ....
..XOoO###°○.....###....
.oX.oLOXV))###.........
...#oO§o...._..........
#..o....#.))).#.......
.........#_L<)_#.......
.#.......#.))).#......#


You could see a tentacled monstrosity (summoned), 6 tyrants, The Servant, an
eight-headed meat hydra, 3 destroyers, a sculptor of flesh, 2 large bags of
meat, 3 large abominations, 3 meat berserkers and 21 bags of meat.

Vanquished Creatures
  2 royal mummies (D)
  6 vampire knights (D)
  17 ogres (D)
  A two-headed ogre (D)
  A lich (D)
  26 orcs (D)
  3 skeletal warriors (D)
56 creatures vanquished.

Notes
Turn   | Place    | Note
-------+----------+-------------------------------------------
     0 | D        | Found the +∞ Axe of Woe
     0 | D        | BigDaddyOpFi the Djinni Warper began the quest for the Orb.
     0 | D        | BigDaddyOpFi set off with the following spells memorised:
                  | Blink, Lesser Beckoning, Vhi's Electric Charge, Teleport
                  | Other, Manifold Assault.
     0 | D        | Reached XP level 1. HP: 18/18 MP: 0/0
     2 | D        | Noticed a bag of meat
     2 | D        | Noticed a bag of meat
     3 | D        | Noticed a meat berserker
     4 | D        | Noticed a meat berserker
     4 | D        | Became a worshipper of Makhleb the Destroyer
     4 | D        | Noticed a bag of meat
     5 | D        | Killed a meat berserker
     5 | D        | Noticed a bag of meat
     6 | D        | Reached skill level 10 in Throwing
     6 | D        | Reached skill level 10 in Spellcasting
     6 | D        | Reached XP level 2. HP: 39/39 MP: 0/0
     6 | D        | Reached XP level 3. HP: 44/44 MP: 0/0
     6 | D        | Learned a level 1 spell: Summon Small Mammal
     6 | D        | Reached XP level 4. HP: 50/50 MP: 0/0
     6 | D        | Reached XP level 5. HP: 56/56 MP: 0/0
     6 | D        | Learned a level 2 spell: Searing Ray
     6 | D        | Reached XP level 6. HP: 62/62 MP: 0/0
     6 | D        | Reached XP level 7. HP: 67/67 MP: 0/0
     6 | D        | Learned a level 2 spell: Poisonous Vapours
     6 | D        | Reached XP level 8. HP: 74/74 MP: 0/0
     6 | D        | Reached XP level 9. HP: 79/79 MP: 0/0
     6 | D        | Learned a level 3 spell: Mephitic Cloud
     6 | D        | Reached XP level 10. HP: 85/85 MP: 0/0
     6 | D        | Reached XP level 11. HP: 90/90 MP: 0/0
     6 | D        | Learned a level 4 spell: Summon Lightning Spire
     6 | D        | Reached XP level 12. HP: 96/96 MP: 0/0
     6 | D        | Noticed a meat berserker
     6 | D        | Noticed a bag of meat
     6 | D        | Noticed a bag of meat
     8 | D        | Killed a meat berserker
     8 | D        | Reached * piety under Makhleb
     8 | D        | Killed a bag of meat
     8 | D        | Noticed a meat berserker
     9 | D        | Reached XP level 13. HP: 34/106 MP: 0/0
     9 | D        | Learned a level 5 spell: Fireball
     9 | D        | Reached XP level 14. HP: 36/112 MP: 0/0
    10 | D        | Killed a bag of meat
    10 | D        | Killed a meat berserker
    10 | D        | Reached ** piety under Makhleb
    10 | D        | Noticed a bag of meat
    11 | D        | Reached skill level 15 in Fighting
    11 | D        | Reached skill level 15 in Armour
    11 | D        | Reached skill level 15 in Unarmed Combat
    11 | D        | Reached skill level 10 in Invocations
    11 | D        | Reached XP level 15. HP: 56/121 MP: 0/0
    11 | D        | Learned a level 6 spell: Dispersal
    11 | D        | Noticed a meat berserker
    13 | D        | Reached skill level 10 in Stealth
    13 | D        | Killed a meat berserker
    13 | D        | Reached *** piety under Makhleb
    13 | D        | Killed a meat berserker
    13 | D        | Noticed a meat berserker
    14 | D        | Reached skill level 15 in Throwing
    14 | D        | Reached XP level 16. HP: 132/132 MP: 0/0
    14 | D        | Noticed a meat berserker
    15 | D        | Killed a meat berserker
    15 | D        | Reached **** piety under Makhleb
    16 | D        | Reached XP level 17. HP: 99/139 MP: 0/0
    16 | D        | Learned a level 7 spell: Malign Gateway
    16 | D        | Noticed a meat berserker
    17 | D        | Reached skill level 15 in Spellcasting
    17 | D        | Reached skill level 15 in Invocations
    19 | D        | Killed a meat berserker
    19 | D        | Reached ***** piety under Makhleb
    19 | D        | Noticed a meat berserker
    20 | D        | Reached skill level 15 in Stealth
    20 | D        | Reached XP level 18. HP: 149/149 MP: 0/0
    20 | D        | Killed a meat berserker
    20 | D        | Noticed a meat berserker
    20 | D        | Noticed a destroyer
    21 | D        | Reached skill level 15 in Axes
    24 | D        | Reached XP level 19. HP: 160/160 MP: 0/0
    24 | D        | Learned a level 6 spell: Simulacrum
    24 | D        | Killed a meat berserker
    25 | D        | Killed a meat berserker
    28 | D        | Noticed a meat berserker
    29 | D        | Reached ****** piety under Makhleb
    29 | D        | Killed a destroyer
    30 | D        | Reached XP level 20. HP: 173/173 MP: 0/0
    30 | D        | Noticed a large bag of meat
    32 | D        | Noticed a destroyer
    33 | D        | Killed a meat berserker
    34 | D        | Killed a large bag of meat
    35 | D        | Reached skill level 27 in Dodging
    35 | D        | Reached XP level 21. HP: 171/182 MP: 0/0
    35 | D        | Learned a level 8 spell: Infestation
    36 | D        | Killed a destroyer
    37 | D        | Noticed a destroyer
    38 | D        | Noticed a meat berserker
    40 | D        | Noticed a tyrant
    40 | D        | Noticed a destroyer
    42 | D        | Noticed a meat berserker
    42 | D        | Noticed a meat berserker
    42 | D        | Noticed a destroyer
    42 | D        | Noticed a tyrant
    42 | D        | Killed a tyrant
    42 | D        | Noticed a meat berserker
    43 | D        | Killed a meat berserker
    44 | D        | Noticed a large bag of meat
    44 | D        | Noticed a meat berserker
    44 | D        | Noticed a meat berserker
    44 | D        | Noticed a destroyer
    44 | D        | Noticed a destroyer
    44 | D        | Killed a meat berserker
    44 | D        | Killed a destroyer
    44 | D        | Noticed an eight-headed meat hydra
    44 | D        | Noticed a destroyer
    44 | D        | Noticed a destroyer
    45 | D        | Reached skill level 27 in Fighting
    45 | D        | Reached skill level 27 in Armour
    45 | D        | Reached skill level 27 in Unarmed Combat
    45 | D        | Reached XP level 22. HP: 194/194 MP: 0/0
    45 | D        | Killed a destroyer
    45 | D        | Noticed a meat berserker
    47 | D        | Reached skill level 27 in Invocations
    47 | D        | Killed a destroyer
    47 | D        | Killed a meat berserker
    48 | D        | Reached XP level 23. HP: 191/201 MP: 0/0
    48 | D        | Learned a level 8 spell: Maxwell's Capacitive Coupling
    48 | D        | Noticed a tyrant
    49 | D        | Reached skill level 27 in Stealth
    49 | D        | Killed a destroyer
    50 | D        | Reached skill level 27 in Axes
    50 | D        | Reached skill level 27 in Throwing
    50 | D        | Reached skill level 27 in Spellcasting
    50 | D        | Noticed an accursed
    50 | D        | Noticed a large bag of meat
    50 | D        | Noticed The Servant
    50 | D        | Noticed a destroyer
    50 | D        | Noticed an accursed
    50 | D        | Noticed a tyrant
    50 | D        | Noticed a tyrant
    50 | D        | Noticed a tyrant
    50 | D        | Killed an accursed
    51 | D        | Reached XP level 24. HP: 208/208 MP: 0/0
    51 | D        | Killed an accursed
    51 | D        | Noticed a tyrant
    52 | D        | Mangled by The Servant

Illustrated notes

Levels and vault maps discovered:
D:        meatsprint

Skill      XL: |  1  2  3  4  5  6  7  8  9 10 11 12 13 14 15 16 17 18 19 20 21 22 23 24 |
---------------+-------------------------------------------------------------------------+-----
Fighting       | 12 14 15 17 18 20 21 23 25 27 | 27.0
Throwing       | 10 12 13 15 16 17 18 20 21 24 26 27 | 27.0
Armour         | 12 14 15 17 18 20 21 23 25 27 | 27.0
Dodging        | 14 16 17 19 20 21 23 25 27 | 27.0
Unarmed Combat | 12 14 15 17 18 20 21 23 25 27 | 27.0
Spellcasting   | 10 11 12 14 16 17 19 20 22 24 27 | 27.0
Axes           | 6 8 11 12 13 15 18 19 22 24 27 | 27.0
Stealth        | 6 9 12 13 15 17 19 20 24 26 27 | 27.0
Invocations    | 7 10 13 14 16 18 21 22 25 27 | 27.0
Maces & Flails | 17 22 | 22.4
Polearms       | 17 22 | 22.4

Action                     |  1- 3 |  4- 6 |  7- 9 | 10-12 | 13-15 | 16-18 | 19-21 | 22-24 || total
---------------------------+-------+-------+-------+-------+-------+-------+-------+-------++-------
  Melee: Executioner's axe |     1 |       |       |     1 |     3 |     8 |    13 |     8 ||    34
   Cast: Vhi's Electric Ch |       |       |       |       |       |       |     4 |     2 ||     6
         Lesser Beckoning  |       |       |       |       |       |       |     1 |       ||     1
  Dodge: Dodged            |       |       |       |       |       |     1 |       |     1 ||     2

Table legend: (Time is in decaauts)
 A = Elapsed time spent in this place.
 B = Non-inter-level travel time spent in this place.
 C = Inter-level travel time spent in this place.
 D = Time resting spent in this place.
 E = Time spent auto-exploring this place.
 F = Levels seen in this place.
 G = Mean time per level.
                   A        B        C        D        E       F      G
               +--------+--------+--------+--------+--------+-----+--------+
         Total |     55 |     55 |      0 |      0 |      0 |   1 |   55.0 |
       Dungeon |     55 |     55 |      0 |      0 |      0 |   1 |   55.0 |
               +--------+--------+--------+--------+--------+-----+--------+

Top non-repeatable levels by time:
       D: 55 daAuts
